 Dungeon Crawl Stone Soup version 0.27-a0-334-g52645efa06 (webtiles) character file.

Game seed: 1857725902944569398

65 Chiseanne the Sneak (level 3, 2/19 HPs)
             Began as a Spriggan Monk on Feb 13, 2021.
             Quit the game on level 3 of the Dungeon.
             The game lasted 00:05:56 (2225 turns).

Chiseanne the Sneak (Spriggan Monk)                 Turns: 2225, Time: 00:05:56

Health: 2/19       AC:  2    Str:  7    XL:     3   Next: 94%
Magic:  4/4        EV: 20    Int: 11    God:
Gold:   80         SH:  0    Dex: 18    Spells: 2/2 levels left

rFire    + . .     SeeInvis +   a - +0 short sword
rCold    + . .     Faith    .   (shield restricted)
rNeg     . . .     Spirit   .   b - +0 robe
rPois    +         Reflect  .   (helmet restricted)
rElec    +         Harm     .   (no cloak)
rCorr    +         Rampage  .   (gloves unavailable)
Will     .....                  (boots unavailable)
Stlth    +++.......             (no amulet)
HPRegen  0.06/turn              f - ring of flight
MPRegen  0.09/turn              (no ring)

@: mighty, lethally poisoned (2 -> -1), resistant, attractive, very quick
A: very small, unfitting armour, see invisible, speed 3
a: Evoke Flight


You were on level 3 of the Dungeon.
You visited 2 branches of the dungeon, and saw 5 of its levels.

You collected 80 gold pieces.

Inventory:

Hand Weapons
 a - a +0 short sword (weapon)
Missiles
 e - 51 poisoned darts (quivered)
 h - 21 sling bullets
 i - 33 arrows
 j - 40 bolts
Armour
 b - a +0 robe (worn)
Magical Staves
 m - a staff of cold {unknown}
Jewellery
 f - a ring of flight (left hand)
Scrolls
 l - a scroll of amnesia
 n - a scroll of immolation
 o - a scroll of teleportation
Potions
 c - 2 potions of haste
 d - 3 potions of attraction
 g - a potion of might


   Skills:
 - Level 2.4 Fighting
 + Level 3.9 Short Blades
 + Level 4.7 Dodging
 * Level 5.2 Stealth


You had 2 spell levels left.
You didn't know any spells.
Your spell library was empty.

Dungeon Overview and Level Annotations

Branches:
Dungeon (4/15)             Temple (1/1) D:4

Altars:
Cheibriados
Elyvilon
Fedhas
Hepliaklqana
Kikubaaqudgha
Makhleb
Nemelex Xobeh
Qazlal
Ru
Uskayaw
Vehumet
Wu Jian
The Shining One


Innate Abilities, Weirdness & Mutations

You are very small and have problems with some larger weapons.
You are too small for most types of armour.
You have supernaturally acute eyesight. (SInv)
You cover ground extremely quickly.


Message History

You are too injured to fight recklessly!
You are too injured to fight recklessly!
The adder misses you. The bat barely misses you.
* * * LOW HITPOINT WARNING * * *
You feel sick. The bat hits you but does no damage.
There is a stone staircase leading down here.
It was a potion of attraction.
You feel attractive to monsters. The bat completely misses you.
The bat closely misses you. The bat barely misses you.
It was a potion of might.
You feel very mighty all of a sudden. The bat completely misses you.
It was a potion of resistance.
You feel protected.
* * * LOW HITPOINT WARNING * * *
You feel sick. The adder misses you.
You barely miss the adder. The adder misses you.
You puncture the adder!
You kill the adder!
* * * LOW HITPOINT WARNING * * *
You feel sick. The bat hits you but does no damage.
You hit the bat but do no damage. The bat misses you.
You hit the rat.
You kill the rat!
The bat barely misses you.
The kobold throws a poisoned dart.
The poisoned dart completely misses you.
The kobold is pulled toward you!
You puncture the kobold!
You kill the kobold!
The bat hits you but does no damage. The bat closely misses you.
You hit the bat.
The bat is moderately wounded.
* * * LOW HITPOINT WARNING * * *
You feel sick. The bat closely misses you.
You hit the bat.
You kill the bat!
Things that are here:
3 poisoned darts; a bat corpse; an adder corpse Are you sure you want to abandon this character and quit the game? (Confirm with "yes".)

### ## #>#
..
#.##@#.###..
#...........
####..######
...# ###.#
.# #.# #.#.#
.# #.# #.#.#
.#
##.####.#.#
.#


There were no monsters in sight!

Vanquished Creatures
  2 adders
  2 oozes (D:1)
  A worm (D:3)
  2 dart slugs
  An orc (D:3)
  2 goblins
  4 hobgoblins
  3 jackals (D:1)
  3 kobolds (D:3)
  A ball python (D:3)
  5 bats
  2 frilled lizards (D:1)
  4 rats
32 creatures vanquished.

Notes
Turn   | Place    | Note
-------+----------+-------------------------------------------
     0 | D:1      | Chiseanne the Spriggan Monk began the quest for the Orb.
     0 | D:1      | Reached XP level 1. HP: 11/11 MP: 2/2
    84 | D:1      | Reached XP level 2. HP: 8/16 MP: 3/3
   348 | D:1      | Reached skill level 4 in Stealth
   638 | D:2      | Found a glowing golden altar of the Shining One.
   668 | D:2      | Reached XP level 3. HP: 7/19 MP: 4/4
  1249 | D:3      | Reached skill level 5 in Stealth
  1654 | D:4      | Found a staircase to the Ecumenical Temple.
  1658 | Temple   | Entered the Ecumenical Temple
  2225 | D:3      | Quit the game

Illustrated notes

Levels and vault maps discovered:
D:1:      psy_arrival_fountain, layout_basic, cheibriados_altar_1
D:2:      layout_loops_corners, overflow_temple_1_default
D:3:      layout_loops_ring, nicolae_ru_sacrificial_ziggurat
D:4:      layout_basic, nicolae_overflow_hidden_temple, kennysheep_mini_moat,
          temple_statues
Temple:   hc_temple_tempest_star

Skill      XL: |  1  2  3 |
---------------+----------+-----
Stealth        | 4 5 |  5.2
Fighting       | |  2.4
Short Blades   | |  3.9
Dodging        | |  4.7

Action                   || total
-------------------------++-------
Melee: Short sword       ||   152
  Use: Scroll            ||     5
       Potion            ||     3
 Stab: Sleeping          ||     8
Armor: Robe              ||    19
Dodge: Dodged            ||   155

Table legend: (Time is in decaauts)
 A = Elapsed time spent in this place.
 B = Non-inter-level travel time spent in this place.
 C = Inter-level travel time spent in this place.
 D = Time resting spent in this place.
 E = Time spent auto-exploring this place.
 F = Levels seen in this place.
 G = Mean time per level.
                   A        B        C        D        E       F      G
               +--------+--------+--------+--------+--------+-----+--------+
         Total |   1750 |   1727 |     23 |    845 |    258 |   5 |  350.0 |
       Dungeon |   1492 |   1484 |      8 |    845 |     16 |   4 |  373.0 |
        Temple |    258 |    244 |     14 |      0 |    242 |   1 |  258.0 |
               +--------+--------+--------+--------+--------+-----+--------+

Top non-repeatable levels by time:
     D:1: 556 daAuts
     D:3: 422 daAuts
     D:2: 376 daAuts
  Temple: 258 daAuts
     D:4: 136 daAuts
